 Dungeon Crawl Stone Soup version 0.16-a0-3790-g42ad724 (webtiles) character file.

25 taqueso the Chucker (level 3, 0/30 HPs)
             Began as a Hill Orc Hunter on Jan 26, 2015.
             Slain by a worm (9 damage)
             ... on level 2 of the Dungeon.
             The game lasted 00:01:51 (1004 turns).

taqueso the Chucker (Hill Orc Hunter)               Turns: 1004, Time: 00:01:51

Health: 0/30       AC:  3    Str: 14    XL:     3   Next: 4%
Magic:  3/3        EV: 11    Int: 11    God:
Gold:   30         SH:  0    Dex: 12    Spells: 0 memorised, 2 levels left

rFire  . . .     SeeInvis .       - Unarmed
rCold  . . .     Clarity  .     d - +0 leather armour
rNeg   . . .     SustAb   .     (no shield)
rPois  .         Gourm    .     (no helmet)
rElec  .         Spirit   .     (no cloak)
rCorr  .         Warding  .     (no gloves)
rMut   .         Stasis   .     (no boots)
MR     .....                    (no amulet)
Stlth  +.........               (no ring)
                                (no ring)

@: not resistant to hostile enchantments, very unstealthy
A: no striking features
a: no special abilities


You were on level 2 of the Dungeon.
You were not hungry.

You visited 1 branch of the dungeon, and saw 2 of its levels.

You collected 30 gold pieces.

Inventory:

Hand weapons
 g - a +0 club
   (You took it off a goblin on level 1 of the Dungeon)
 h - a +0 spear
   (You found it on level 1 of the Dungeon)
 j - a +0 club
   (You took it off a goblin on level 1 of the Dungeon)
 m - a +0 short sword
   (You took it off a kobold on level 1 of the Dungeon)
 n - a +0 dagger
   (You took it off a kobold on level 1 of the Dungeon)
 q - a +0 club
   (You took it off a kobold on level 1 of the Dungeon)
 r - a +0 dagger
   (You found it on level 1 of the Dungeon)
 s - a +0 club
   (You took it off a kobold on level 1 of the Dungeon)
 u - a +0 whip
   (You took it off a kobold on level 1 of the Dungeon)
 v - a +0 club
   (You took it off a goblin on level 1 of the Dungeon)
 x - a +0 club
   (You took it off a hobgoblin on level 1 of the Dungeon)
Missiles
 b - 3 javelins (quivered)
 c - 2 throwing nets {=f, !d}
 k - 7 tomahawks
 o - 34 stones
Armour
 d - a +0 leather armour (worn)
Scrolls
 a - 2 scrolls of teleportation {unknown}
 e - a scroll of enchant weapon {unknown}
 i - 4 scrolls of identify {unknown}
 l - a scroll of fear {unknown}
 t - a scroll of enchant armour {unknown}
Potions
 p - a potion of heal wounds {unknown}
 w - a potion of haste {unknown}
Comestibles
 f - 2 meat rations {@e2}


   Skills:
 - Level 2.4 Fighting
 + Level 4.1 Throwing
 - Level 1.5 Dodging
 - Level 0.7 Stealth
 * Level 2.5 Unarmed Combat


You had 2 spell levels left.
You didn't know any spells.

Dungeon Overview and Level Annotations

Branches:
Dungeon (2/15)

Altars:


Message History

You see here 18 bolts.
A hobgoblin comes into view.
The hobgoblin shouts!
You throw a javelin. The javelin hits the hobgoblin!
You kill the hobgoblin!
No target in view!
No target in view!
No target in view!
No target in view!
b - 6 javelins (gained 1)
You see here a hobgoblin corpse.
There is a stone staircase leading down here.
You see here a kobold skeleton.
You see here a hobgoblin corpse.
You see here a hobgoblin corpse.
A goblin comes into view.
The goblin shouts!
You throw a javelin. The javelin barely misses the goblin.
You throw a javelin. The javelin barely misses the goblin.
You throw a javelin. The javelin closely misses the goblin.
You throw a javelin. The javelin barely misses the goblin.
You hit the goblin.
You kill the goblin!
No target in view!
No target in view!
No target in view!
b - 3 javelins (gained 1)
b - 4 javelins (gained 1)
b - 5 javelins (gained 1)
b - 6 javelins (gained 1)
i - 4 scrolls labeled ZUWAVEU NYHO (gained 1)
w - a blue potion Done exploring.
Done exploring.
There is a staircase leading out of the dungeon here.
You see here a +0 short sword.
There is a stone staircase leading down here.
You climb downwards.
A quokka, a worm and a hobgoblin come into view.
There is a stone staircase leading up here.
You closely miss the quokka.
The hobgoblin shouts!
The quokka bites you.
You take 4 damage, and have 21/25 hp.
You barely miss the quokka.
The quokka bites you but does no damage.
You hit the quokka. The quokka barely misses you.
You closely miss the quokka.
The quokka twitches its whiskers.
The quokka bites you.
You take 1 damage, and have 20/25 hp.
You hit the quokka.
You kill the quokka!
You have reached level 3!
Your experience leads to an increase in your attributes!
Increase (S)trength, (I)ntelligence, or (D)exterity?
You feel agile. The hobgoblin closely misses you.
You regained 4 hp, and now have 24/30 hp.
MP restored: 3 You hit the hobgoblin.
You completely miss the hobgoblin. The hobgoblin hits you with a club.
You take 1 damage, and have 23/30 hp.
The hobgoblin hits you but does no damage.
You climb upwards.
There is a stone staircase leading down here.
You hit the hobgoblin but do no damage. You punch the hobgoblin.
You kill the hobgoblin!
No target in view!
No target in view!
x - a club You start resting.
Health restored: 30 Done exploring.
There is a stone staircase leading down here.
There is a stone staircase leading down here.
You climb downwards.
There is a stone staircase leading up here.
You throw a javelin.
The javelin hits the worm but does no damage.
You hit the worm. You punch the worm. You hit the worm.
The worm barely misses you.
You hit the worm but do no damage. You hit the worm. The worm bites you.
You take 3 damage, and have 27/30 hp.
You hit the worm but do no damage.
Your leather armour prevents you from hitting the worm.
The worm bites you!
You take 8 damage, and have 19/30 hp.
MASSIVE DAMAGE!!
You barely miss the worm. The worm bites you.
You take 2 damage, and have 17/30 hp.
You hit the worm. You barely miss the worm. The worm bites you!
* * * LOW HITPOINT WARNING * * *
You take 8 damage, and have 9/30 hp.
MASSIVE DAMAGE!!
You throw a javelin. The javelin barely misses the worm.
You throw a javelin. The javelin hits the worm!
The worm bites you!
You die...

.##........###
.............
.#.........##..
.........†...(...
#.#..<#...#..
#..$...........#
.#..#.#..(...[#
#..#...w..#.##
#.....@......#
........#.#.#....
....... .....
#####.. ###.. #..
... #.# . .. ..


You could see a worm.

Vanquished Creatures
  A giant gecko (D:1)
  An ooze (D:1)
  A bat (D:1)
  A giant cockroach (D:1)
  2 hobgoblins (D:1)
  9 kobolds (D:1)
  A quokka (D:2)
  4 goblins (D:1)
20 creatures vanquished.

Notes
Turn   | Place    | Note
--------------------------------------------------------------
     0 | D:1      | taqueso, the Hill Orc Hunter, began the quest for the Orb.
     0 | D:1      | Reached XP level 1. HP: 18/18 MP: 1/1
   128 | D:1      | Reached skill level 1 in Unarmed Combat
   164 | D:1      | Reached XP level 2. HP: 23/25 MP: 2/2
   180 | D:1      | Reached skill level 2 in Unarmed Combat
   874 | D:2      | Reached XP level 3. HP: 24/30 MP: 3/3
  1004 | D:2      | Slain by a worm

Action                   || total
-------------------------++-------
Melee: Unarmed           ||    36
Throw: Javelin           ||    37
       Tomahawk          ||     1

Vault maps used:
D:1:      elethiomel_arrival_shortcut
D:2:      lemuel_crystal_altar, uniq_sigmund

Table legend:
 A = Turns spent in this place as a percentage of turns spent in the entire game.
 B = Non-inter-level travel turns spent in this place as a percentage of non-inter-level travel turns spent in the entire game.
 C = Inter-level travel turns spent in this place as a percentage of turns spent in this place.
 D = Turns resting spent in this place as a percentage of non-inter-level travel turns spent in this place.
 E = Turns spent auto-exploring this place as a percentage of non-inter-level travel turns spent in this place.
 F = Non-inter-level travel turns spent in this place divided by the number of levels of this place that you've seen.
                   A       B       C       D       E      F
               +-------+-------+-------+-------+-------+----------------------
         Total | 100.0 | 100.0 |   1.7 |   2.3 |  17.4 |  86.0
       Dungeon | 100.0 | 100.0 |   1.7 |   2.3 |  17.4 |  86.0
               +-------+-------+-------+-------+-------+----------------------

Table legend:
 A = Kills in this place as a percentage of kills in entire the game.
 B = Kills by you in this place as a percentage of kills by you in the entire game.
 C = Kills by friends in this place as a percentage of kills by friends in the entire game.
 D = Other kills in this place as a percentage of other kills in the entire game.
 E = Experience gained in this place as a percentage of experience gained in the entire game.
 F = Experience gained in this place divided by the number of levels of this place that you have seen.
                   A       B       C       D       E      F
               +-------+-------+-------+-------+-------+----------------------
         Total | 100.0 | 100.0 |  -nan |  -nan | 100.0 |  18.0
       Dungeon | 100.0 | 100.0 |  -nan |  -nan | 100.0 |  18.0
               +-------+-------+-------+-------+-------+----------------------
